 Dungeon Crawl Stone Soup version 0.26.0-7-g794d0892b4 (webtiles) character file.

Game seed: 11469772583605441264

50 jackrogers the Insei (level 3, -6/26 HPs)
             Began as a Demonspawn Monk on Jan 12, 2021.
             Was an Initiate of Ru.
             Mangled by Sigmund
             ... wielding a +2 vampiric scythe
              (13 damage)
             ... on level 2 of the Dungeon.
             The game lasted 00:02:07 (1498 turns).

jackrogers the Insei (Demonspawn Monk)              Turns: 1498, Time: 00:02:08

Health: -6/26      AC:  2    Str: 12    XL:     3   Next: 55%
Magic:  3/3        EV: 13    Int: 11    God:    Ru [......]
Gold:   84         SH:  0    Dex: 15    Spells: 2/2 levels left

rFire    . . .     SeeInvis .     - Unarmed
rCold    . . .     Faith    .   (no shield)
rNeg     . . .     Spirit   .   a - +0 robe
rPois    .         Reflect  .   (helmet restricted)
rElec    .         Harm     .   (no cloak)
rCorr    .         Rampage  .   (no gloves)
Will     .....     Rnd*Rage +   (no boots)
Stlth    ++........             (no amulet)
HPRegen  0.08/turn              (no ring)
MPRegen  0.08/turn              (no ring)

@: no status effects
A: antennae 2, berserk 1, frail 1
a: Renounce Religion


You were on level 2 of the Dungeon.
You worshipped Ru.
Ru was noncommittal.
You visited 1 branch of the dungeon, and saw 2 of its levels.

You collected 84 gold pieces.

Inventory:

Armour
 a - a +0 robe (worn)
Scrolls
 b - 3 scrolls of identify {unknown}
 d - a scroll of fear {unknown}
 e - a scroll of noise {unknown}
 f - a scroll of immolation {unknown}
 g - a scroll of random uselessness {unknown}
 i - a scroll of teleportation {unknown}
 j - 2 scrolls of blinking {unknown}


   Skills:
 - Level 3.0 Fighting
 - Level 2.6 Dodging
 - Level 1.7 Stealth
 + Level 4.2 Unarmed Combat


You had 2 spell levels left.
You didn't know any spells.
Your spell library was empty.

Dungeon Overview and Level Annotations

Branches:
Dungeon (2/15)

Altars:
Ru

Annotations:
D:2 Sigmund


Innate Abilities, Weirdness & Mutations

You have a pair of antennae on your head.
You tend to lose your temper in combat.
You are frail. (-10% HP)


Message History

You barely miss the hobgoblin. The hobgoblin hits you with a +0 club.
You hit the hobgoblin.
You kill the hobgoblin!
No target in view!
No target in view!
j - 2 scrolls labelled WOMOISS UXZANT
Things that are here:
a +0 club; a hobgoblin corpse An adder comes into view.
Spoiler Alert: The adder (asleep) is fast and can poison!
An adder is nearby!
Spoiler Alert: The adder (asleep) is fast and can poison!
An adder is nearby!
Spoiler Alert: The adder (asleep) is fast and can poison!
An adder is nearby!
Spoiler Alert: The adder (asleep) is fast and can poison!
An adder is nearby!
Spoiler Alert: The adder (asleep) is fast and can poison!
The adder hisses angrily.
Spoiler Alert: The adder is fast and can poison!
You hit the adder. The adder bites you.
You miss the adder. The adder barely misses you.
You hit the adder. The adder closely misses you.
You closely miss the adder. The adder bites you. The adder closely misses you.
You closely miss the adder. The adder barely misses you.
You hit the adder. The adder bites you.
Spoiler Alert: The adder is fast and can poison!
You closely miss the adder. The adder barely misses you.
You hit the adder.
You kill the adder!
No target in view!
No target in view!
No target in view!
No target in view!
No target in view!
No target in view!
No target in view!
No target in view!
No target in view!
No target in view!
No target in view!
You see here an adder corpse.
Found a stone staircase leading down.
You now have 69 gold pieces (gained 10).
There is a stone staircase leading down here.
A goblin comes into view.
A goblin is nearby!
A goblin is nearby!
The goblin shouts!
No target in view!
No target in view!
No target in view!
No target in view!
No target in view!
No target in view!
No target in view!
No target in view!
No target in view!
No target in view!
No target in view!
A goblin is nearby!
You hit the goblin.
You kill the goblin!
No target in view!
No target in view!
No target in view!
No target in view!
No target in view!
No target in view!
No target in view!
No target in view!
No target in view!
No target in view!
You now have 84 gold pieces (gained 15).
You sense a monster nearby.
Sigmund the Dreaded comes into view.
He is wielding a +2 vampiric scythe.
Sigmund points at you and mumbles some strange words.
The puff of flame hits you.
Spoiler Alert: Sigmund can cast Slow, Confuse, Throw Flame, and go Invisible!
Sigmund hits you with a +2 vampiric scythe!
It was a potion of curing.
You feel better. Sigmund casts a spell at you. The magic dart hits you.
It was a potion of mutation.
You feel extremely strange.
You feel a little pissed off.
You feel frail.
The antennae on your head grow some more.
Sigmund gestures at himself while chanting.
Sigmund flickers and vanishes!
Deactivating autopickup; reactivate with Ctrl-A.
You closely miss something.
You hear some strange, mumbled words.
Something tries to affect you, but you resist.
You hit something. You closely miss something. Something hits you!
* * * LOW HITPOINT WARNING * * *
You barely miss something. Something hits you but does no damage.
You closely miss something. You closely miss something. Something hits you!
Ouch! That really hurt!
You die...

>.........# ####.#
####.#.#..# #.#
#.#(#..# #.# #....
.# ###.# #...#...
..#.# #....####
#.#.# #..#.# #.#.#
...#.#######.#.####
...# ##.....{@....#
#.####.#)##.# #.#.#
# ....# ##....
##.## #.


There were no monsters in sight!

Vanquished Creatures
  An adder (D:2)
  A dart slug (D:2)
  2 leopard geckos (D:1)
  A ball python (D:2)
  4 bats (D:1)
  3 giant cockroaches
  6 goblins
  4 hobgoblins
  6 kobolds
  A frilled lizard (D:2)
  4 rats
33 creatures vanquished.

Notes
Turn   | Place    | Note
-------+----------+-------------------------------------------
     0 | D:1      | jackrogers the Demonspawn Monk began the quest for the Orb.
     0 | D:1      | Reached XP level 1. HP: 18/18 MP: 1/1
   240 | D:1      | Reached skill level 3 in Unarmed Combat
   390 | D:1      | Gained mutation: You have a pair of small antennae on your
                  | head. [demonic ancestry]
   390 | D:1      | Reached XP level 2. HP: 24/24 MP: 2/2
   967 | D:1      | Reached XP level 3. HP: 29/29 MP: 3/3
  1113 | D:2      | Found a sacrificial altar of Ru.
  1126 | D:2      | Became a worshipper of Ru the Awakened
  1220 | D:2      | Reached skill level 4 in Unarmed Combat
  1489 | D:2      | Noticed Sigmund
  1492 | D:2      | Gained mutation: You tend to lose your temper in combat.
                  | [potion of mutation]
  1492 | D:2      | Gained mutation: You are frail. (-10% HP) [potion of
                  | mutation]
  1492 | D:2      | Gained mutation: You have a pair of antennae on your head.
                  | [potion of mutation]
  1498 | D:2      | Mangled by Sigmund

Illustrated notes

Levels and vault maps discovered:
D:1:      minmay_arrival_split_and_join, layout_loops_ring
D:2:      layout_loops_ring, hangedman_ru_absence, corexii_shack,
          chequers_hall_statues_wall_a, uniq_sigmund

Skill      XL: |  1  2  3 |
---------------+----------+-----
Unarmed Combat | 3 4 |  4.2
Fighting       | |  3.0
Dodging        | |  2.6
Stealth        | |  1.7

Action                   || total
-------------------------++-------
Melee: Unarmed           ||   124
       Punch             ||     2
Invok: Reject Sacrifices ||     1
  Use: Potion            ||     2
 Stab: Sleeping          ||     2
Armor: Robe              ||    53
Dodge: Dodged            ||   113

Table legend: (Time is in decaauts)
 A = Elapsed time spent in this place.
 B = Non-inter-level travel time spent in this place.
 C = Inter-level travel time spent in this place.
 D = Time resting spent in this place.
 E = Time spent auto-exploring this place.
 F = Levels seen in this place.
 G = Mean time per level.
                   A        B        C        D        E       F      G
               +--------+--------+--------+--------+--------+-----+--------+
         Total |   1488 |   1449 |     39 |     10 |   1185 |   2 |  744.0 |
       Dungeon |   1488 |   1449 |     39 |     10 |   1185 |   2 |  744.0 |
               +--------+--------+--------+--------+--------+-----+--------+

Top non-repeatable levels by time:
     D:1: 1079 daAuts
     D:2: 408 daAuts

Table legend:
 A = Kills in this place as a percentage of kills in entire the game.
 B = Kills by you in this place as a percentage of kills by you in the entire game.
 C = Kills by friends in this place as a percentage of kills by friends in the entire game.
 D = Other kills in this place as a percentage of other kills in the entire game.
 E = Experience gained in this place as a percentage of experience gained in the entire game.
 F = Experience gained in this place divided by the number of levels of this place that you have seen.
                   A       B       C       D       E      F
               +-------+-------+-------+-------+-------+----------------------
         Total | 100.0 | 100.0 |   N/A |   N/A | 100.0 |  36.0
       Dungeon | 100.0 | 100.0 |   N/A |   N/A | 100.0 |  36.0
               +-------+-------+-------+-------+-------+----------------------
